 Seeded DCSS version 0.30.1-11-g7821555f0a (webtiles) character file.

Game seed: 5129858224507802926 (custom seed)

661 Psyclone the Destroyer (level 7, 26/36 HPs)
             Began as a Deep Elf Conjurer on Nov 8, 2023.
             Quit the game on level 5 of the Dungeon.
             The game lasted 00:02:19 (1256 turns).

Psyclone the Destroyer (Deep Elf Conjurer)          Turns: 1256, Time: 00:02:19

Health: 26/36      AC:  4    Str:  3    XL:     7   Next: 30%
Magic:  9/19       EV: 12    Int: 29    God:
Gold:   57         SH:  0    Dex: 12    Spells: 8/19 levels left

rFire   . . .        (no weapon)
rCold   . . .        (no shield)
rNeg    . . .        a - +0 robe
rPois   .            (no helmet)
rElec   .            (no cloak)
rCorr   .            (no gloves)
SInv    .            (no boots)
Will    .....        (no amulet)
Stlth   ++           (no ring)
HPRegen 0.26/turn    (no ring)
MPRegen 0.16/turn

%: clarity
@: no status effects
A: iridescent scales 1, clarity, clever 1, evolution 1, inability to read after
injury 1, MP-powered wands, sturdy frame 1
a: no special abilities


You were on level 5 of the Dungeon.
You visited 1 branch of the dungeon, and saw 5 of its levels.

You collected 57 gold pieces.

Inventory:

Armour
 a - a +0 robe (worn)
Scrolls
 d - a scroll of amnesia {unknown}
 e - a scroll of magic mapping {unknown}
 f - 3 scrolls of fear {unknown}
Potions
 b - a potion of magic
 c - 2 potions of mutation
 g - a potion of flight {unknown}


   Skills:
 - Level 2.4 Dodging
 - Level 2.4 Stealth
 + Level 6.7 Spellcasting
 * Level 8.4 Conjurations


You had 8 spell levels left.
You knew the following spells:

 Your Spells              Type           Power      Damage    Failure   Level
a - Magic Dart            Conj           100%       1d8       1%          1
b - Searing Ray           Conj           100%       2d8       1%          2
d - Fulminant Prism       Conj/Hex       17%        3d10      10%         4
e - Iskenderun's Mystic   Conj/Tloc      34%        2d8       10%         4

Your spell library contained the following spells:

 Spells                   Type           Power      Damage    Failure   Level
 Dazzling Flash           Conj/Hex       68%        N/A       2%          3


Dungeon Overview and Level Annotations

Branches:
Dungeon (5/15) Zot: 26758
 Temple: D:4-7

Altars:
Cheibriados

Shops:
D:2 =![


Innate Abilities, Weirdness & Mutations

You are partially covered in iridescent scales. (AC +2)
You possess an exceptional clarity of mind.
Your mind is acute. (Int +4, Str/Dex -1)
You have hidden genetic potential.
You occasionally lose the ability to read scrolls when taking damage.
You expend magic power (3 MP) to strengthen your wands.
Your movements are slightly less encumbered by armour. (ER -2)


Message History

You now have 10/18 mp.
Your fulminant prism crackles loudly.
The centaur shoots an arrow.
The arrow closely misses you.
Your fulminant prism explodes!
The blast of energy engulfs the centaur.
You kill the centaur!
You hear a shout!
You start resting.
You feel a genetic drift.
You feel your magical essence link to the dungeon's wands.
You start resting.
A troll comes into view.
You regained 2 mp, and now have 13/19 mp.
Casting: Fulminant Prism (quite dangerous; 10% risk of failure)
Confirm with . or Enter, or press ? or * to list all spells.
The spell is quite dangerous to miscast (10% risk of failure)!
Continue anyway?
Aiming: Fulminant Prism (quite dangerous; 10% risk of failure)
Press: ? - help, Dir - move target You conjure a prism of explosive energy!
The troll shouts!
A fulminant prism comes into view.
You now have 9/19 mp.
Your fulminant prism crackles loudly.
The troll bites you. The troll claws you. The troll barely misses you.
Your fulminant prism explodes!
The blast of energy engulfs the troll!
The troll is moderately wounded.
You take 10 damage, and have 26/36 hp.
MASSIVE DAMAGE!!
Casting: Fulminant Prism (quite dangerous; 10% risk of failure)
Confirm with . or Enter, or press ? or * to list all spells.
The spell is quite dangerous to miscast (10% risk of failure)!
Continue anyway? [Y]es or [N]o only, please.
The spell is quite dangerous to miscast (10% risk of failure)!
Continue anyway?
Okay, then.
Casting: Iskenderun's Mystic Blast (quite dangerous; 10% risk of failure)
Confirm with . or Enter, or press ? or * to list all spells.
Okay, then.
Unknown command.
Unknown command.
Are you sure you want to abandon this character and quit the game? (Confirm with "yes".)

#######........#.#
# #..#######.#
#..# #.# #..# #.#
#..# #.# ...# #.#
.#.## #.# .#.. #.#
#@# #T# #####.#
#*..).# #c#####
#.# #.# #.# #.#


You could see a troll.

Vanquished Creatures
  Eustachio (D:4)
  A black bear (D:5)
  A centaur (D:5)
  A scorpion (D:5)
  A hound (D:5)
  2 orc priests
  2 iguanas
  2 orc wizards
  4 gnolls (D:2)
  An adder (D:5)
  A worm (D:2)
  A dart slug (D:2)
  8 orcs
  A bat (D:2)
  3 endoplasms
  3 goblins
  4 hobgoblins
  A quokka (D:2)
  3 ball pythons
  2 kobolds
  A rat (D:1)
44 creatures vanquished.

Vanquished Creatures (others)
  5 fulminant prisms (D:5)
5 creatures vanquished.

Grand Total: 49 creatures vanquished

Notes
Turn   | Place    | Note
-------+----------+-------------------------------------------
     0 | D:1      | Psyclone the Deep Elf Conjurer began the quest for the Orb.
     0 | D:1      | Reached XP level 1. HP: 10/10 MP: 6/6
    80 | D:2      | Found Zutuxkoi's Jewellery Shop.
    83 | D:2      | Reached XP level 2. HP: 15/15 MP: 4/8
   100 | D:2      | Learned a level 2 spell: Searing Ray
   149 | D:2      | Gained mutation: You possess an exceptional clarity of
                  | mind. [potion of mutation]
   149 | D:2      | Gained mutation: Your movements are slightly less
                  | encumbered by armour. (ER -2) [potion of mutation]
   149 | D:2      | Gained mutation: You have hidden genetic potential. [potion
                  | of mutation]
   287 | D:2      | Found Tatheism's Distillery.
   295 | D:2      | Reached skill level 5 in Conjurations
   345 | D:2      | Found Xoolosaxt's Antique Armour Shop.
   438 | D:2      | Reached XP level 3. HP: 19/19 MP: 6/10
   451 | D:2      | Gained mutation: You are robust. (+10% HP) [hidden
                  | potential]
   621 | D:3      | Reached XP level 4. HP: 7/26 MP: 7/12
   622 | D:3      | Reached skill level 6 in Conjurations
   634 | D:3      | Gained mutation: You have great hidden genetic potential.
                  | [hidden potential]
   634 | D:3      | Lost mutation: You have great hidden genetic potential.
                  | [hidden potential expressed]
   811 | D:4      | Reached XP level 5. HP: 16/30 MP: 8/14
   813 | D:4      | Reached skill level 5 in Spellcasting
   823 | D:4      | Gained mutation: Your mind is acute. (Int +4, Str/Dex -1)
                  | [hidden potential]
   895 | D:4      | Noticed Eustachio
   910 | D:4      | Killed Eustachio
   911 | D:4      | Reached skill level 7 in Conjurations
   911 | D:4      | Reached XP level 6. HP: 33/35 MP: 5/16
   913 | D:4      | Gained mutation: Your mind is very acute. (Int +8, Str/Dex
                  | -2) [hidden potential]
   913 | D:4      | Lost mutation: You have hidden genetic potential. [hidden
                  | potential expressed]
   941 | D:4      | Lost mutation: You possess an exceptional clarity of mind.
                  | [potion of mutation]
   941 | D:4      | Lost mutation: Your mind is very acute. (Int +8, Str/Dex
                  | -2) [potion of mutation]
   941 | D:4      | Lost mutation: You are robust. (+10% HP) [potion of
                  | mutation]
   941 | D:4      | Gained mutation: You occasionally lose the ability to read
                  | scrolls when taking damage. [potion of mutation]
   941 | D:4      | Gained mutation: You are partially covered in iridescent
                  | scales. (AC +2) [potion of mutation]
   941 | D:4      | Gained mutation: You possess an exceptional clarity of
                  | mind. [potion of mutation]
   941 | D:4      | Gained mutation: You have hidden genetic potential. [potion
                  | of mutation]
  1014 | D:5      | Entered Level 5 of the Dungeon
  1052 | D:5      | Found a snail-covered altar of Cheibriados.
  1092 | D:5      | Learned a level 4 spell: Fulminant Prism
  1097 | D:5      | Learned a level 4 spell: Iskenderun's Mystic Blast
  1104 | D:5      | Reached skill level 8 in Conjurations
  1104 | D:5      | Reached XP level 7. HP: 22/36 MP: 10/18
  1241 | D:5      | Gained mutation: You expend magic power (3 MP) to
                  | strengthen your wands. [hidden potential]
  1252 | D:5      | Noticed a troll
  1256 | D:5      | Quit the game

Illustrated notes

Levels and vault maps discovered:
D:1:      saegor_arrival_simple_c, layout_rooms, serial_shops, shop,
          kennysheep_nondescript, minmay_misc_feat_ornament
D:2:      layout_basic, serial_shops, nicolae_shop_tiny_statue_garden,
          nicolae_shop_scrapyard, shop, shop
D:3:      layout_loops_ring
D:4:      layout_rooms, elyvilon_altar_1, minmay_temple_entry_trees,
          uniq_eustachio
D:5:      minmay_chambers_of_threes, layout_loops_ring,
          mainiacjoe_overflow_small_starburst,
          minmay_guarded_unrand_staff_of_olgreb

Skill      XL: |  1  2  3  4  5  6 |
---------------+-------------------+-----
Conjurations   | 5 6 7 8 |  8.4
Spellcasting   | 4 5 6 |  6.7
Dodging        | |  2.4
Stealth        | |  2.4

Action                     |  1- 3 |  4- 6 |  7- 9 || total
---------------------------+-------+-------+-------++-------
   Cast: Magic Dart        |    16 |     6 |       ||    22
         Searing Ray       |     9 |    14 |       ||    23
         Fulminant Prism   |       |       |     5 ||     5
    Use: Potion            |     1 |     1 |       ||     2
 Armour: Robe              |       |     1 |       ||     1
  Dodge: Dodged            |     1 |     2 |     3 ||     6
